 Dungeon Crawl Stone Soup version 0.31-a0-1236-gaa9e43cceb (webtiles) character file.

Game seed: 15692847697147736784

474 MacCMillion the Cleaver (level 6, 0/51 HPs)
             Began as a Minotaur Fighter on Dec 15, 2023.
             Engulfed by a steam dragon's steam (7 damage)
             ... on level 6 of the Dungeon.
             The game lasted 00:03:50 (3898 turns).

MacCMillion the Cleaver (Minotaur Fighter)          Turns: 3898, Time: 00:03:50

Health: 0/51       AC: 12    Str: 23    XL:     6   Next: 84%
Magic:  5/5        EV:  9    Int:  5    God:
Gold:   324        SH:  4    Dex:  9    Spells: 5/5 levels left

rFire   . . .        a - +0 war axe
rCold   . . .        c - +0 buckler
rNeg    . . .        b - +0 scale mail
rPois   .            (helmet restricted)
rElec   .            (no cloak)
rCorr   .            (no gloves)
SInv    .            w - +0 pair of boots
Will    .....        o - amulet of magic regeneration Stlth
                     s - +4 ring of protection
HPRegen 0.28/turn    (no ring)
MPRegen 0.49/turn

%: no passive effects
@: no status effects
A: horns 2, retaliatory headbutt
a: no special abilities


You were on level 6 of the Dungeon.
You visited 1 branch of the dungeon, and saw 6 of its levels.

You collected 373 gold pieces.
You spent 49 gold pieces at shops.

Inventory:

Hand Weapons
 a - a +0 war axe (weapon)
Missiles
 k - 10 poisoned darts (quivered)
 n - 6 boomerangs
 q - 4 curare-tipped darts
 D - 5 silver javelins
Armour
 b - a +0 scale mail (worn)
 c - a +0 buckler (worn)
 w - a +0 pair of boots (worn)
Jewellery
 o - an amulet of magic regeneration (around neck)
 s - a +4 ring of protection (left hand)
Wands
 u - a wand of polymorph (15)
Scrolls
 h - 6 scrolls of identify {unknown}
 i - 2 scrolls of teleportation {unknown}
 p - 2 scrolls of blinking {unknown}
 r - a scroll of silence {unknown}
 x - a scroll of enchant armour {unknown}
 y - 3 scrolls of vulnerability {unknown}
 A - a scroll of fear {unknown}
 B - a scroll of butterflies {unknown}
 C - a scroll of fog {unknown}
Potions
 d - 3 potions of might
 e - 4 potions of haste {unknown}
 f - 2 potions of attraction {unknown}
 g - a potion of mutation {unknown}
 j - 2 potions of magic {unknown}
 l - a potion of berserk rage {unknown}
 m - a potion of lignification {unknown}
 t - a potion of curing {unknown}
 v - a potion of heal wounds {unknown}
 z - a potion of degeneration {unknown}


   Skills:
 - Level 3.6 Fighting
 + Level 8.8 Axes
 - Level 3.6 Armour
 - Level 4.0 Shields


You had 5 spell levels left.
You didn't know any spells.
Your spell library contained the following spells:

 Spells                   Type           Power      Damage    Failure   Level
 Sandblast                Erth           0%         2d4       85%         1
 Summon Small Mammal      Summ           0%         N/A       85%         1
 Passwall                 Tmut/Erth      0%         N/A       94%         2
 Call Canine Familiar     Summ           0%         N/A       99%         3
 Stone Arrow              Conj/Erth      0%         3d7       99%         3
 Summon Guardian Golem    Hex/Summ       0%         N/A       99%         3
 Animate Dead             Necr           0%         N/A       100%        4
 Brom's Barrelling Bould  Conj/Erth      0%         2d3       100%        4
 Borgnjor's Vile Clutch   Necr/Erth      0%         N/A       100%        5
 Death Channel            Necr           0%         N/A       100%        6


Dungeon Overview and Level Annotations

Branches:
Dungeon (6/15)             Temple (0/1) D:6

Altars:
Ashenzari
Cheibriados
Zin
The Shining One

Shops:
D:4 [


Innate Abilities, Weirdness & Mutations

You have a pair of horns on your head.
You reflexively headbutt those who attack you in melee.


Message History

You slash the howler monkey!
You kill the howler monkey!
No target in view!
No target in view!
Found a staircase to the Ecumenical Temple.
You now have 324 gold pieces (gained 15).
h - 6 scrolls labelled FYLOSO YTENETER (gained 1)
Found a ring mail.
There is a shaft here.
An iguana and a steam dragon come into view.
The iguana hisses angrily.
The steam dragon breathes steam at you. The ball of steam hits you!!
The iguana moves out of view.
The steam dragon moves out of view.
You hear an angry hiss.
You start resting.
A steam dragon is nearby!
Unknown command.
The steam dragon breathes steam at you. The ball of steam hits you!
You hear an angry hiss.
You barely miss the steam dragon.
You are engulfed in a cloud of scalding steam.
You block the steam dragon's attack.
The steam dragon claws you but does no damage.
You hit the steam dragon.
The steam dragon is lightly wounded.
You are engulfed in a cloud of scalding steam.
The steam dragon bites you!
* * * LOW HITPOINT WARNING * * *
The steam dragon claws you.
* * * LOW HITPOINT WARNING * * *
The iguana attacks as it pursues you! The iguana closely misses you.
You block the steam dragon's attack.
The steam dragon claws you but does no damage.
You hit the steam dragon.
The steam dragon is moderately wounded.
You hit the iguana but do no damage.
You are engulfed in a cloud of scalding steam.
You die...

D. #### P.. ####..##
.§..
##......#######..P..
#..............D....
##................P..
##.........###........
#........l.##..>.......
##......@D.##...........
#.......§.#.......P.....
#........##..#..........
##.......#............P.
#....[..#..#...........
##.....#...............
#######..#............
#...##...........
##..###...........


You could see a steam dragon and an iguana.

Vanquished Creatures
  A kobold brigand (D:5)
  A scorpion (D:6)
  A howler monkey (D:6)
  2 hounds (D:4)
  2 orc priests (D:4)
  An iguana (D:5)
  4 gnolls
  3 adders
  A shadow imp (D:6)
  6 dart slugs
  3 orcs (D:4)
  8 ball pythons
  4 bats
  6 endoplasms
  A giant cockroach (D:1)
  5 goblins
  3 hobgoblins (D:1)
  4 jackals (D:1)
  3 quokkas
  3 frilled lizards
  12 kobolds
  3 rats
77 creatures vanquished.

Vanquished Creatures (others)
  A ball python (D:1)
1 creature vanquished.

Grand Total: 78 creatures vanquished

Notes
Turn   | Place    | Note
-------+----------+-------------------------------------------
     0 | D:1      | MacCMillion the Minotaur Fighter began the quest for the
                  | Orb.
     0 | D:1      | Reached XP level 1. HP: 19/19 MP: 0/0
    19 | D:1      | Reached skill level 3 in Axes
    19 | D:1      | Reached XP level 2. HP: 13/26 MP: 1/1
   340 | D:1      | Reached skill level 4 in Axes
   340 | D:1      | Reached XP level 3. HP: 31/31 MP: 2/2
  1086 | D:2      | Reached skill level 5 in Axes
  1086 | D:2      | Reached XP level 4. HP: 39/39 MP: 3/3
  1086 | D:2      | Found a faded altar of an unknown god.
  1984 | D:3      | Found a glowing silver altar of Zin.
  2223 | D:4      | Found a broken altar of Ashenzari.
  2303 | D:4      | Reached skill level 6 in Axes
  2303 | D:4      | Reached XP level 5. HP: 45/45 MP: 4/4
  2320 | D:4      | Reached skill level 7 in Axes
  2575 | D:4      | Found Isiemnat's Armour Shoppe.
  2640 | D:4      | Bought a +0 pair of boots for 49 gold pieces
  2826 | D:4      | Identified the +2 helmet "Fivel" {rPois rN+ Int-3}
  2880 | D:5      | Entered Level 5 of the Dungeon
  2982 | D:5      | Found a snail-covered altar of Cheibriados.
  3005 | D:5      | Reached XP level 6. HP: 45/51 MP: 5/5
  3313 | D:5      | Reached skill level 8 in Axes
  3499 | D:5      | Found a glowing golden altar of the Shining One.
  3777 | D:6      | Found a staircase to the Ecumenical Temple.
  3880 | D:6      | Noticed a steam dragon
  3898 | D:6      | Engulfed by a steam dragon's steam

Illustrated notes

Levels and vault maps discovered:
D:1:      minmay_arrival_stone_box, layout_basic, minmay_bisected
D:2:      layout_rooms, chequers_ecumenical_altar_simple_redux
D:3:      layout_loops_ring, zin_scriptorium
D:4:      wander_river, layout_rooms, cheibrodos_ashenzari_chains, serial_shops,
          nicolae_diamond_shop, nicolae_figureground_sparkle
D:5:      layout_basic, tso_oasis_becter, amcnicky_altar_gilded,
          chequers_serial_rivers_small_3
D:6:      layout_cave_pods, lemuel_temple_firewalk_b, serial_shops,
          nicolae_shop_gaudy_bauble, serial_park, serial_park_square1
          [serial_park_minivault_5x5_7], serial_park_square1
          [serial_park_minivault_5x5_8], serial_park_tiny_pond,
          serial_park_avenue1

Skill      XL: |  1  2  3  4  5  6 |
---------------+-------------------+-----
Axes           | 3 4 5 6 7 8 |  8.8
Shields        | 4 |  4.0
Fighting       | |  3.6
Armour         | |  3.6

Action                     |  1- 3 |  4- 6 || total
---------------------------+-------+-------++-------
  Melee: War axe           |    69 |   124 ||   193
         Headbutt          |    14 |    18 ||    32
  Throw: Dart              |       |     5 ||     5
 Armour: Scale mail        |    48 |    77 ||   125
  Dodge: Dodged            |    35 |    47 ||    82
  Block: Buckler           |    20 |    22 ||    42

Table legend: (Time is in decaauts)
 A = Elapsed time spent in this place.
 B = Non-inter-level travel time spent in this place.
 C = Inter-level travel time spent in this place.
 D = Time resting spent in this place.
 E = Time spent auto-exploring this place.
 F = Levels seen in this place.
 G = Mean time per level.
                   A        B        C        D        E       F      G
               +--------+--------+--------+--------+--------+-----+--------+
         Total |   3963 |   3806 |    157 |    310 |   2977 |   6 |  660.5 |
       Dungeon |   3963 |   3806 |    157 |    310 |   2977 |   6 |  660.5 |
               +--------+--------+--------+--------+--------+-----+--------+

Top non-repeatable levels by time:
     D:3: 875 daAuts
     D:1: 872 daAuts
     D:5: 723 daAuts
     D:4: 702 daAuts
     D:2: 482 daAuts
     D:6: 308 daAuts
